 Dungeon Crawl Stone Soup version 0.18-a0-1303-g41c131c (webtiles) character file.

246233 Gagarin the Executioner (level 19, -4/177 HPs)
             Began as a Minotaur Berserker on Feb 11, 2016.
             Was the Champion of Trog.
             Shot with a bolt by a yaktaur (32 damage)
             ... led by a vault warden
             ... on level 4 of the Vaults on Feb 12, 2016.
             The game lasted 03:38:56 (46293 turns).

Gagarin the Executioner (Minotaur Berserker)       Turns: 46293, Time: 03:38:56

Health: -4/177     AC: 27    Str: 27    XL:     19   Next: 19%
Magic:  7/7        EV: 18    Int: 11    God:    Trog [******]
Gold:   4044       SH:  0    Dex: 10    Spells: 0 memorised, 18 levels left

rFire  + . .     SeeInvis +     x - +3 executioner's axe (antimagic)
rCold  . . .     Gourm    +     f - +2 ring mail of Satisfaction {rF+ MR+ Str-4 Int+3}
rNeg   . . .     Faith    .     (shield currently unavailable)
rPois  .         Spirit   .     j - +2 hat
rElec  .         Dismiss  .     u - +1 cloak {+Inv}
rCorr  .         Reflect  .     I - +2 pair of gloves
SustAt .         Harm     .     w - +2 pair of boots {run}
MR     ++...                    s - amulet of the gourmand
Stlth  ++........               W - ring of see invisible
                                g - +6 ring of protection

@: mighty, exhausted, about to teleport, flayed, slowed, very slow, very
resistant to hostile enchantments, unstealthy
A: retaliatory headbutt, horns 2
a: Berserk, Trog's Hand, Brothers in Arms, Burn Spellbooks, Renounce Religion,
Evoke Invisibility
}: 1/15 runes: gossamer


You were on level 4 of the Vaults.
You worshipped Trog.
Trog was exalted by your worship.
You were very full.

You visited 6 branches of the dungeon, and saw 33 of its levels.
You visited the Abyss 1 time.
You also visited: Ice Cave.

You collected 4337 gold pieces.
You spent 293 gold pieces at shops.

Inventory:

Hand Weapons
 c - a +1 demon whip of freezing
 x - a +3 antimagic executioner's axe (weapon)
 C - a +2 antimagic broad axe
 X - a +3 war axe of flaming
Missiles
 Y - 6 javelins of penetration (quivered)
Armour
 f - the +2 ring mail of Satisfaction (worn) {rF+ MR+ Str-4 Int+3}
   (You found it on level 6 of the Lair of Beasts)

   It affects your strength (-4).
   It affects your intelligence (+3).
   It protects you from fire.
   It affects your resistance to hostile enchantments.
 j - a +2 hat (worn)
 n - an ice dragon hide
 u - a +1 cloak of invisibility (worn)
 w - a +2 pair of boots of running (worn)
 I - a +2 pair of gloves (worn)
Jewellery
 g - a +6 ring of protection (left hand)
 s - an amulet of the gourmand (around neck)
 W - a ring of see invisible (right hand)
Wands
 e - a wand of acid (7/15)
 k - a wand of slowing (20/48)
 p - a wand of lightning (8/15)
 v - a wand of digging (3/24)
 D - a wand of teleportation (1/9)
Scrolls
 a - 2 scrolls of fog
 i - 3 scrolls of recharging
 r - 2 scrolls of fear
 t - 11 scrolls of identify
 y - 9 scrolls of teleportation
 A - 15 scrolls of remove curse
 F - a scroll of acquirement
 M - 3 scrolls of magic mapping
 N - a scroll of holy word
 T - 2 scrolls of brand weapon
 V - a scroll of enchant armour
Potions
 b - a potion of brilliance
 d - 6 potions of might
 l - 6 potions of heal wounds
 m - 13 potions of curing
 o - 2 potions of resistance
 q - a potion of flight
 z - a potion of invisibility {unknown}
 B - 5 potions of agility
 G - a potion of haste {unknown}
 P - a potion of berserk rage {unknown}
 S - a potion of lignification {unknown}
 Z - 2 potions of cancellation
Miscellaneous
 E - a phantom mirror
Comestibles
 h - a bread ration


   Skills:
 + Level 17.5 Fighting
 + Level 21.4 Axes
   Level 0.9(2.7) Slings
 + Level 3.7(3.8) Throwing
 + Level 11.1 Armour
 + Level 16.2 Dodging
 + Level 5.4 Stealth
   Level 19.0 Shields
 + Level 4.3 Evocations


You had 18 spell levels left.
You didn't know any spells.

Dungeon Overview and Level Annotations

Branches:
Dungeon (14/15)            Temple (0/1) D:6            Lair (8/8) D:11
  Swamp (0/4) Lair:4       Spider (4/4) Lair:5        Slime (0/6) Lair:7
    Orc (2/2) D:10            Elf (1/3) Orc:2        Vaults (4/5) D:14
  Crypt (0/3) Vaults:2

Altars:
Ashenzari
Dithmenos
Gozag
Nemelex Xobeh
Okawaru
Pakellas
Qazlal
Sif Muna
Trog
Vehumet
Xom
Jiyva
Lugonu

Shops:
D:8 }   Orc:2 [}*[*   Vaults:2 %   Vaults:3 (

Annotations:
D:9 exclusion: orange crystal statue


Innate Abilities, Weirdness & Mutations

You reflexively headbutt those who attack you in melee.
You have a pair of horns on your head.


Message History

* * * LOW HITPOINT WARNING * * *
The flayed ghost stares at you with tortured malice.
You slash the yaktaur captain!
The yaktaur captain is almost dead.
The yaktaur captain hits you.
* * * LOW HITPOINT WARNING * * *
A salamander stormcaller opens the door.
The yaktaur captain completely misses you.
You furiously retaliate!
You headbutt the yaktaur captain!
You kill the yaktaur captain!
Trog accepts your kill.
The yaktaur wields an uncursed arbalest.
The yaktaur shoots a bolt.
The bolt closely misses you.
A salamander stormcaller comes into view.
It is wielding a halberd of venom.
Evoke which item? (* to show all) (? for menu, Esc to quit)
Zapping:
D - a wand of teleportation (2/9)
Press: ? - help, Shift-Dir - straight line, f - you You feel strangely unstable.
This wand has 1 charge left.
The yaktaur shoots a bolt.
The bolt hits you!!
You die...

#..........##......#
#..........#########
#..........#
#..........#
#..........#
########+#### #..(.#
#....# #(@..# #)####
#..ccc.c..s..
###N#W.W.....
...#.##+###+ #.. #.#
#. #.# ## ###


You could see a salamander stormcaller, a flayed ghost and 3 yaktaurs.

Vanquished Creatures
  Nikola (Vaults:1)
  Agnes (Elf:1)
  Gastronok (Lair:1)
  Kirke (Lair:5)
  Roxanne (Spider:4)
  A fire giant (Vaults:3)
  4 deep elf sorcerers
  6 emperor scorpions
  7 ghost moths (Spider:4)
  3 vault wardens
  2 very ugly things (Vaults:3)
  7 ironheart preservers
  An orc warlord (D:10)
  Nessos (Lair:5)
  2 spark wasps
  Snorg (Lair:7)
  A deep elf death mage (Vaults:2)
  3 vault guards
  Harold (D:10)
  5 yaktaur captains
  2 entropy weavers
  A rakshasa (Vaults:2)
  4 ice dragons
  4 ogre magi
  5 hydras
  A catoblepas (D:14)
  3 centaur warriors
  10 death yaks
  5 orc high priests (Orc:2)
  3 dancing weapons (Elf:1)
  Urug (Lair:3)
  14 deep elf knights
  Sonja (Lair:3)
  2 fire crabs (shapeshifter)
  2 fire crabs
  12 skeletal warriors
  An unseen horror (D:10)
  A giant orange brain (Vaults:3)
  5 ironbrand convokers
  3 deep elf archers
  A wolf spider zombie (D:13)
  A wizard (D:14)
  A phantasmal warrior (Vaults:3)
  4 harpies (Vaults:2)
  3 hill giants
  26 wolf spiders
  13 orc knights
  14 orb spiders
  35 ugly things
  3 griffons
  5 orc sorcerers
  A necromancer (D:14)
  A griffon (shapeshifter) (Vaults:3)
  5 cyclopes
  6 oklob plants (Lair:2)
  30 deep elf magi
  11 hornets
  A manticore (D:13)
  A guardian serpent (Lair:8)
  3 moths of wrath
  11 vault sentinels
  Joseph (Lair:1)
  5 black mambas
  An eye of devastation (shapeshifter) (Elf:1)
  3 gargoyles
  21 spiny frogs
  4 kobold demonologists
  2 ice statues (IceCv)
  A yaktaur (shapeshifter) (Vaults:2)
  5 torpor snails
  30 yaktaurs
  An efreet (D:14)
  The ghost of Duffy the Insei, a novice OpTm of Gozag (D:5)
  A freezing wraith (Vaults:2)
  7 komodo dragons
  3 fire drakes
  24 demonic crawlers
  A jumping spider (shapeshifter) (Vaults:3)
  7 trolls
  36 jumping spiders
  13 two-headed ogres
  A polar bear (Lair:4)
  Grinder (D:4)
  15 slime creatures
  A hornet zombie (D:14)
  A harpy skeleton (D:14)
  7 blink frogs
  2 boulder beetles (Vaults:2)
  A vampire (D:11)
  4 wraiths
  An air elemental (Orc:2)
  2 wyverns
  83 redbacks
  2 shadows
  3 hungry ghosts
  A spriggan (shapeshifter) (Vaults:2)
  A fire elemental (Elf:1)
  22 humans
  38 yaks
  28 tarantellas
  A golden eye (shapeshifter) (Vaults:2)
  A water elemental (Elf:1)
  5 hogs
  26 vampire mosquitoes
  8 hippogriffs
  2 steam dragons
  9 wolves
  A warg (D:10)
  4 mottled dragons
  16 swamp worms
  28 water moccasins
  3 soldier ants
  2 sky beasts
  28 ice beasts
  14 porcupines
  33 orc warriors
  2 black bears
  An eye of draining (shapeshifter) (Vaults:1)
  A phantom (D:6)
  8 wasps
  3 eyes of draining
  13 ogres
  21 centaurs
  15 crocodiles
  13 giant frogs
  Blork the orc (D:4)
  4 big kobolds
  An earth elemental (Elf:1)
  A deep troll simulacrum (Vaults:1)
  4 scorpions
  A wyvern skeleton (D:13)
  19 wights
  3 electric eels
  A lava snake (Lair:2)
  8 crimson imps
  4 quasits
  A wasp zombie (D:11)
  4 giant frog skeletons
  3 giant frog zombies
  10 hounds
  2 jellies
  7 centaur skeletons
  25 orc priests
  26 orc wizards
  14 iguanas
  13 worker ants
  A hell rat (D:11)
  13 sheep
  A hound zombie (D:11)
  2 worker ant zombies (D:11)
  14 adders
  41 river rats
  4 shadow imps
  2 oozes
  2 adder zombies
  12 worms
  7 giant geckos
  98 orcs
  2 ball pythons (D:1)
  9 bats
  6 giant cockroaches
  10 goblins
  13 hobgoblins
  3 jackals
  4 quokkas
  A ball python skeleton (D:4)
  A giant cockroach zombie (D:5)
  A giant gecko zombie (D:6)
  7 giant newts
  A jackal zombie (D:5)
  41 kobolds
  A quokka skeleton (D:4)
  7 rats
  A bush (Abyss:2)
  2 demonic plants
  10 fungi
  19 plants
1433 creatures vanquished.

Vanquished Creatures (others)
  A deep elf knight (Elf:1)
  A demonic crawler (Spider:4)
  A human (Lair:5)
  A phantom (D:6)
  An orc wizard (Orc:2)
  A demonic plant (D:13)
  35 fungi
  32 plants
73 creatures vanquished.

Grand Total: 1506 creatures vanquished

Notes
Turn   | Place    | Note
--------------------------------------------------------------
     0 | D:1      | Gagarin the Minotaur Berserker began the quest for the Orb.
     0 | D:1      | Reached XP level 1. HP: 19/19 MP: 0/0
   255 | D:1      | Reached skill level 4 in Fighting
   255 | D:1      | Reached XP level 2. HP: 22/27 MP: 1/1
   812 | D:1      | Reached ** piety under Trog
   860 | D:1      | Reached XP level 3. HP: 30/33 MP: 2/2
  1439 | D:2      | Found a shimmering altar of Xom.
  1659 | D:2      | Reached XP level 4. HP: 33/41 MP: 3/3
  1805 | D:2      | Found a stormy altar of Qazlal.
  1983 | D:2      | Found a deep blue altar of Sif Muna.
  2121 | D:2      | Reached *** piety under Trog
  2984 | D:3      | Reached skill level 5 in Fighting
  3440 | D:4      | Reached XP level 5. HP: 48/48 MP: 4/4
  3444 | D:4      | Noticed Grinder
  3448 | D:4      | Killed Grinder
  3448 | D:4      | Reached skill level 5 in Dodging
  3448 | D:4      | Reached skill level 1 in Stealth
  3448 | D:4      | Reached XP level 6. HP: 56/56 MP: 5/5
  3653 | D:4      | Found a sparkling altar of Nemelex Xobeh.
  3767 | D:4      | Noticed Blork the orc
  3790 | D:4      | Killed Blork the orc
  4535 | D:5      | Entered Level 5 of the Dungeon
  4631 | D:5      | Noticed Duffy's ghost (novice OpTm)
  4649 | D:5      | Killed Duffy's ghost
  4649 | D:5      | Reached skill level 6 in Fighting
  4649 | D:5      | Reached skill level 5 in Axes
  4649 | D:5      | Reached XP level 7. HP: 63/63 MP: 6/6
  4743 | D:5      | Found an iron altar of Okawaru.
  4900 | D:5      | Reached **** piety under Trog
  4900 | D:5      | Reached skill level 7 in Dodging
  4968 | D:5      | Found an opulent altar of Gozag.
  5060 | D:5      | Reached XP level 8. HP: 71/71 MP: 7/7
  5249 | D:5      | Found a bloodstained altar of Trog.
  5304 | D:5      | Reached skill level 8 in Dodging
  5820 | D:6      | Found a shadowy altar of Dithmenos.
  6022 | D:6      | Reached XP level 9. HP: 72/79 MP: 2/8
  6067 | D:6      | Reached skill level 9 in Dodging
  6159 | D:6      | Reached skill level 1 in Shields
  6456 | D:6      | Found a staircase to the Ecumenical Temple.
  6988 | D:7      | Found a radiant altar of Vehumet.
  7006 | D:7      | Reached ***** piety under Trog
  7206 | D:7      | Reached skill level 10 in Dodging
  7547 | D:8      | Found an oddly glowing altar of Pakellas.
  7547 | D:8      | Found Pakellas's Prime Provisions.
  7828 | D:8      | Reached skill level 5 in Shields
  7879 | D:8      | Found a shattered altar of Ashenzari.
  7947 | D:8      | Reached XP level 10. HP: 88/88 MP: 3/9
  8025 | D:8      | Received a gift from Trog
  8659 | D:9      | Noticed an orange crystal statue
  8792 | D:9      | Reached skill level 5 in Armour
  9486 | D:10     | Entered Level 10 of the Dungeon
  9496 | D:10     | Noticed a hill giant
  9498 | D:10     | Reached skill level 11 in Dodging
  9505 | D:10     | Killed a hill giant
  9562 | D:10     | Noticed Harold
  9575 | D:10     | Killed Harold
  9714 | D:10     | Killed an unseen horror
  9714 | D:10     | Reached XP level 11. HP: 46/95 MP: 10/10
 10027 | D:10     | Found a staircase to the Orcish Mines.
 10715 | Orc:1    | Entered Level 1 of the Orcish Mines
 10715 | Orc:1    | Noticed an orc warlord
 10715 | Orc:1    | Noticed an orc sorcerer
 10715 | Orc:1    | Noticed an orc sorcerer
 10726 | D:10     | Killed an orc sorcerer
 10933 | D:11     | Noticed a hill giant
 10943 | D:11     | Killed a hill giant
 11001 | D:11     | You fall through a shaft!
 11001 | D:12     | Noticed a red ugly thing
 11010 | D:12     | Killed a red ugly thing
 11088 | D:12     | Noticed a skeletal warrior
 11140 | D:11     | Received a gift from Trog
 11335 | D:11     | Found a staircase to the Lair.
 11337 | D:11     | Reached skill level 1 in Throwing
 11399 | Lair:1   | Entered Level 1 of the Lair of Beasts
 11404 | Lair:1   | Noticed Joseph
 11415 | Lair:1   | Killed Joseph
 11415 | Lair:1   | Reached skill level 10 in Shields
 11460 | Lair:1   | Noticed Gastronok
 11494 | Lair:1   | Killed Gastronok
 11494 | Lair:1   | Reached skill level 10 in Axes
 11494 | Lair:1   | Reached skill level 12 in Dodging
 11648 | Lair:1   | Reached XP level 12. HP: 105/105 MP: 11/11
 13167 | Lair:3   | Noticed Sonja
 13190 | Lair:3   | Killed Sonja
 13308 | Lair:3   | Noticed a five-headed hydra
 13318 | Lair:3   | Killed a one-headed hydra
 13318 | Lair:3   | Reached skill level 10 in Fighting
 13318 | Lair:3   | Reached skill level 13 in Dodging
 13520 | Lair:3   | Found a frozen archway.
 13529 | Lair:3   | Received a gift from Trog
 13529 | Lair:3   | Reached ****** piety under Trog
 13538 | IceCv    | Entered an ice cave
 14297 | IceCv    | Noticed an ice dragon
 14297 | IceCv    | Noticed an ice dragon
 14312 | IceCv    | Killed an ice dragon
 14314 | IceCv    | Killed an ice dragon
 14314 | IceCv    | Received a gift from Trog
 14554 | IceCv    | Got a steaming brass ring
 14680 | Lair:3   | Identified the ring "Woqis" {rC+ Stlth+} (You found it in an ice cave)
 15131 | Lair:3   | Noticed Urug
 15142 | Lair:3   | Killed Urug
 15142 | Lair:3   | Reached skill level 5 in Stealth
 15565 | Lair:4   | Reached skill level 1 in Evocations
 15565 | Lair:4   | Reached XP level 13. HP: 114/114 MP: 12/12
 15720 | Lair:4   | Got a scorched wooden ring
 15744 | Lair:4   | Identified the ring of Naubb {rC+ Str+6 Slay-5 Stlth+} (You found it on level 4 of the Lair of Beasts)
 15840 | Lair:4   | Received a gift from Trog
 16319 | Lair:4   | Found a staircase to the Swamp.
 16740 | Lair:5   | Noticed Kirke
 16862 | Lair:5   | Killed Kirke
 17340 | Lair:5   | Noticed Nessos
 17353 | Lair:5   | Killed Nessos
 17382 | Lair:5   | Found a hole to the Spider Nest.
 17921 | Lair:6   | Got a twisted ring mail
 18867 | Lair:7   | Received a gift from Trog
 18876 | Lair:7   | Noticed Snorg
 18886 | Lair:7   | Killed Snorg
 18935 | Lair:7   | Identified the +2 ring mail of Satisfaction {rF+ MR+ Str-4 Int+3} (You found it on level 6 of the Lair of Beasts)
 19795 | Lair:7   | Found a viscous altar of Jiyva.
 19795 | Lair:7   | Found a staircase to the Slime Pits.
 19963 | Lair:8   | Entered Level 8 of the Lair of Beasts
 20133 | Lair:8   | Reached skill level 14 in Dodging
 20205 | Lair:8   | Reached XP level 14. HP: 124/124 MP: 16/16
 20306 | Lair:8   | Received a gift from Trog
 21718 | D:10     | Killed an orc warlord
 21820 | Orc:1    | Received a gift from Trog
 22393 | Orc:2    | Entered Level 2 of the Orcish Mines
 22665 | Orc:2    | Found Rorasun's General Store.
 22678 | Orc:2    | Bought a scroll of fog for 28 gold pieces
 22678 | Orc:2    | Bought a scroll of silence for 105 gold pieces
 22678 | Orc:2    | Bought a potion of ambrosia for 112 gold pieces
 22854 | Orc:2    | Found a staircase to the Elven Halls.
 23232 | Orc:2    | Received a gift from Trog
 23234 | Orc:2    | Reached skill level 15 in Shields
 23270 | Orc:2    | Reached skill level 15 in Axes
 23378 | Orc:2    | Reached XP level 15. HP: 85/134 MP: 15/17
 23536 | Orc:2    | Found Qason's Armour Boutique.
 23536 | Orc:2    | Found Xawyklug's Armour Boutique.
 23537 | Orc:2    | Found Geas's General Store.
 23537 | Orc:2    | Found Oqom Ost's Gadget Boutique.
 23548 | Orc:2    | Bought a potion of brilliance for 48 gold pieces
 24088 | Spider:1 | Entered Level 1 of the Spider Nest
 24241 | Spider:1 | Identified 2 scrolls of acquirement
 24242 | Spider:1 | Got a jewelled longbow
 25593 | Spider:1 | Received a gift from Trog
 26325 | Spider:2 | Reached skill level 16 in Shields
 26508 | Spider:2 | Identified a +1 pair of boots of running (You found it on level 2 of the Spider Nest)
 27177 | Lair:2   | Upgraded the game from 0.18-a0-1300-g6e8322c to 0.18-a0-1303-g41c131c
 28727 | Spider:2 | Received a gift from Trog
 28965 | Spider:3 | Received a gift from Trog
 28965 | Spider:3 | Reached skill level 17 in Shields
 28965 | Spider:3 | Reached XP level 16. HP: 128/144 MP: 18/18
 29857 | Spider:4 | Entered Level 4 of the Spider Nest
 30069 | Spider:4 | Noticed Roxanne
 30215 | Spider:4 | Received a gift from Trog
 30637 | Spider:4 | Killed Roxanne
 30907 | Spider:4 | Reached skill level 18 in Shields
 31200 | Spider:4 | Received a gift from Trog
 31328 | Spider:4 | Got a gossamer rune of Zot
 31427 | Spider:4 | Reached skill level 10 in Armour
 32321 | Elf:1    | Entered Level 1 of the Elven Halls
 32520 | Elf:1    | Noticed Agnes
 32681 | Elf:1    | Reached XP level 17. HP: 154/154 MP: 19/19
 32684 | Elf:1    | Received a gift from Trog
 33028 | Elf:1    | Killed Agnes
 33270 | Elf:1    | Found a radiant altar of Vehumet.
 33270 | Elf:1    | Found a radiant altar of Vehumet.
 33520 | Elf:1    | Reached skill level 15 in Dodging
 33801 | Elf:1    | Reached skill level 19 in Shields
 35418 | D:13     | Found a corrupted altar of Lugonu.
 35640 | D:13     | Received a gift from Trog
 36535 | D:14     | Found a gate to the Vaults.
 36542 | D:14     | Reached skill level 15 in Fighting
 36547 | D:14     | Received a gift from Trog
 36830 | Lair:2   | Identified a +3 rod of shadows (9/9) (You found it on level 13 of the Dungeon)
 37823 | Vaults:1 | Entered Level 1 of the Vaults
 38195 | Vaults:1 | Noticed Nikola
 38219 | Vaults:1 | Killed Nikola
 38797 | Vaults:1 | Received a gift from Trog
 39996 | Vaults:2 | Reached XP level 18. HP: 158/166 MP: 6/20
 40284 | Vaults:2 | Received a gift from Trog
 40543 | Vaults:2 | Found a staircase to the Crypt.
 40563 | Vaults:2 | Received a gift from Trog
 41069 | Vaults:2 | Received a gift from Trog
 41431 | Vaults:2 | Found Wupsoly's Food Shoppe.
 41859 | Vaults:2 | Reached skill level 20 in Axes
 43940 | Vaults:3 | Received a gift from Trog
 44395 | Vaults:3 | Cast into level 2 of the Abyss (a deep elf sorcerer)
 44419 | Vaults:3 | Escaped the Abyss
 44729 | Vaults:3 | Reached skill level 21 in Axes
 45095 | Vaults:3 | Found Ademp's Antique Weapon Shop.
 45170 | Vaults:3 | Reached XP level 19. HP: 177/177 MP: 7/21
 45437 | Vaults:3 | Received a gift from Trog
 46293 | Vaults:4 | Shot with a bolt by a yaktaur

Vault maps used:
D:1:      matt_arrival_los_fun, st_stairs_1
D:2:      led_sif_pool, lemuel_doored_altar, lemuel_coloured_pillars_altar
D:3:      kennysheep_six_static_rooms, hex_medium
D:4:      first_bread, nemelex_diamond_rough_becter, uniq_blork_the_orc,
          uniq_grinder
D:5:      grunt_gozag_statues, okawaru_ov_weapons_minmay, trog_eyes_of_draining
D:6:      nicolae_dithmenos_the_darkroom, lemuel_temple_firewalk
D:7:      fiery_altar_vehumet
D:8:      nicolae_ashenzari_panopticon, johnstein_pakellas_shop,
          grunt_livestock, minmay_tree_intersection, nrook_loot_triangle,
          serial_bayou_lagoon_a
D:9:      minivault_16
D:10:     david_orc_2, uniq_harold
D:11:     wad_river_or_something, dpeg_lair_monsters
D:13:     kennysheep_kobold_lugonu_temple
D:14:     grunt_vaults_entry_tiered, hangedman_decor_slide_cut, hex_tiny
Lair:1:   lemuel_fruit_tree, grunt_megastairs_3, serial_bayou_shore_b,
          uniq_gastronok, uniq_joseph
Lair:2:   minmay_lair_oklob_tunnel, grunt_megastairs_1
Lair:3:   portal_ice_cave_entry_ice_beasts, uniq_urug, uniq_sonja
Lair:4:   nicolae_swamp_entry_splash_gauntlet, fungi_pond_lemuel,
          bobbens_dragon_lair_wall, serial_bayou_shore_a
Lair:5:   spider_nest_entry_webs, uniq_nessos, uniq_kirke
Lair:6:   bh_autumn_forest_stairs
Lair:7:   dpeg_slime_entry_enclosed_altar, uniq_snorg
Lair:8:   hangedman_lair_tendril_chambers, infiniplex_staircase_pool,
          grunt_megastairs_2
Spider:2: worms_lemuel
Spider:4: guppyfry_spider_rune, guppyfry_spider_mini_2, uniq_roxanne
Orc:2:    st_orc_pillars, serial_shops,
          nicolae_shop_temple_entry_statues_fountains, guppyfry_library_mini
Elf:1:    minmay_elf_demonology, hangedman_elf_simple_split,
          serial_sigils_hangedman_shear, minmay_misc_feat_columns, uniq_agnes
Vaults:1: nicolae_vaults_an_arrangement, grunt_vaults_hallway_short,
          vaults_room_hallway, ontoclasm_vaults_fault, v_misc_3, uniq_nikola
Vaults:2: ontoclasm_vaults_chip, hangedman_vaults_maws, v_misc_9, v_misc_24,
          hangedman_vaults_stagger, v_rooms_5, nicolae_vaults_angled_halls,
          vaults_mumra_chevron_long, v_pattern_3, nicolae_vaults_gold_heap,
          ontoclasm_vaults_twist, dummy_crypt_entry, serial_shops,
          nicolae_shop_waterfront
Vaults:3: hangedman_vaults_stretched_pinwheel, vaults_dpeg_cross,
          nicolae_vaults_shelves_hall, v_misc_31, vaults_room_corners,
          serial_shops, shop
Vaults:4: vaults_dpeg_diagonal, v_alt_pattern_4, vaults_room_stairs_pillars,
          hangedman_vaults_impose, nicolae_vaults_meeting, v_rooms_2,
          ontoclasm_vaults_ring_square, v_misc_13, ontoclasm_vaults_hangar,
          mu_enter_wizlab_6, serial_shops, shop, uniq_mara
Abyss:2:  evilmike_abyss_exit_plants
IceCv:    ice_cave_small_dragons

Action                   |  1- 3 |  4- 6 |  7- 9 | 10-12 | 13-15 | 16-18 | 19-21 || total
-------------------------+-------+-------+-------+-------+-------+-------+-------++-------
Melee: Hand axe          |    98 |   128 |   400 |   224 |       |       |       ||   850
       War axe           |       |       |       |   406 |    79 |    71 |       ||   556
       Broad axe         |       |       |       |       |  1215 |   559 |       ||  1774
       Morningstar       |       |       |       |       |    24 |       |       ||    24
       Executioner's axe |       |       |       |       |       |   935 |   113 ||  1048
 Fire: Hunting sling     |     3 |     1 |       |       |       |       |       ||     4
Throw: Javelin           |       |       |     2 |     3 |    55 |    37 |       ||    97
Invok: Berserk           |     2 |     3 |    10 |    21 |    22 |    44 |     4 ||   106
       Burn Spellbooks   |       |       |     1 |     1 |     2 |     6 |       ||    10
 Abil: Evoke Invisibilit |       |       |       |       |       |     1 |       ||     1
Evoke: Wand              |       |       |       |       |     6 |    18 |     1 ||    25
       Phantom mirror    |       |       |       |       |       |     1 |     1 ||     2
  Use: Scroll            |       |       |     4 |    20 |     8 |    17 |       ||    49
       Potion            |       |       |       |       |     3 |     2 |     2 ||     7
 Stab: Sleeping          |     1 |     1 |     4 |     6 |     3 |     1 |       ||    16
       Distracted        |       |       |     1 |     1 |     1 |       |       ||     3
  Eat: Chunk             |     4 |    11 |    33 |    47 |    70 |    96 |     8 ||   269
       Fruit             |       |       |     2 |       |       |     3 |       ||     5
